 Dungeon Crawl Stone Soup version 0.21.1-1-g345015fe64 (webtiles) character file.

246 NullDivider the Charlatan (level 5, -1/28 HPs)
             Began as a Spriggan Artificer on Apr 22, 2018.
             Slain by a quasit (3 damage)
             ... while paralysed by Grinder
             ... on level 4 of the Dungeon.
             The game lasted 00:13:29 (5225 turns).

NullDivider the Charlatan (Spriggan Artificer)      Turns: 5225, Time: 00:13:30

Health: -1/28      AC:  2    Str:  8      XL:     5   Next: 84%
Magic:  9/9        EV:  4    Int: 13      God:
Gold:   166        SH:  0    Dex:  9 (17) Spells: 4/4 levels left

rFire    . . .     SeeInvis +   a - +0 short sword
rCold    . . .     Gourm    .   (shield restricted)
rNeg     . . .     Faith    .   b - +0 robe
rPois    .         Spirit   .   (helmet restricted)
rElec    .         Reflect  .   (no cloak)
rCorr    .         Harm     .   (gloves unavailable)
MR       .....                  (boots unavailable)
Stlth    ++........             (no amulet)
HPRegen  0.09/turn              (no ring)
MPRegen  0.11/turn              (no ring)

@: paralysed, very quick
A: very small, unfitting armour, see invisible, herbivore, speed 3, slow
metabolism 2
a: no special abilities


You were on level 4 of the Dungeon.
You were hungry.

You visited 1 branch of the dungeon, and saw 4 of its levels.

You collected 166 gold pieces.

Inventory:

Hand Weapons
 a - a +0 short sword (weapon)
Missiles
 s - 36 arrows
Armour
 b - a +0 robe (worn)
Jewellery
 j - an uncursed ring of fire
Wands
 c - a wand of flame (7)
 d - a wand of enslavement (14)
 e - a wand of random effects (8)
 r - a wand of iceblast (5)
Scrolls
 h - 2 scrolls of teleportation {unknown}
 i - 2 scrolls of amnesia {unknown}
 k - a scroll of fog {unknown}
 l - 6 scrolls of identify {unknown}
 n - 2 scrolls of remove curse {unknown}
 o - a scroll of random uselessness {unknown}
 p - 2 scrolls of immolation {unknown}
Potions
 g - 4 potions of curing {unknown}
 m - a potion of mutation {unknown}
 q - a potion of resistance {unknown}
 t - a potion of lignification {unknown}
Comestibles
 f - 11 rations


   Skills:
 * Level 2.8 Fighting
 + Level 2.5 Short Blades
 + Level 4.4 Dodging
 + Level 4.2 Stealth
 + Level 5.1 Evocations


You had 4 spell levels left.
You didn't know any spells.

Dungeon Overview and Level Annotations

Branches:
Dungeon (4/15)
 Temple: D:4-7

Altars:
Kikubaaqudgha
Nemelex Xobeh
Okawaru
Qazlal
Uskayaw
Yredelemnul
Zin

Annotations:
D:4 Grinder


Innate Abilities, Weirdness & Mutations

You are very small and have problems with some larger weapons.
You are too small for most types of armour.
You have supernaturally acute eyesight. (SInv)
You are a herbivore.
You cover ground extremely quickly.
You need consume almost no food.


Message History

The quasit claws you but does no damage.
Grinder hits you. The quasit bites you.
The quasit claws you but does no damage.
The quasit claws you. The quasit bites you.
You feel clumsy. The quasit claws you.
* * * LOW HITPOINT WARNING * * *
You feel clumsy. The quasit claws you.
* * * LOW HITPOINT WARNING * * *
Grinder gestures at you. You resist with some effort. The quasit bites you.
* * * LOW HITPOINT WARNING * * *
The quasit claws you but does no damage.
The quasit claws you.
* * * LOW HITPOINT WARNING * * *
You feel clumsy. The quasit bites you.
You die...

### .% +[# . . #.# . #'
#.# .
...#####.#####.#####....
................@5.!....
#.#.#.#.#.#.#.##.5......
.#.#.#.#.#.#.#.#.######+
#.#.#.#.#.#.#.##.#
.#.#.#.#.#.#.#.#.#
#.#.#.#.#.#.#.##.#
.#.#.#.#.#.#.#...#
#.#.#.#.#.#.#.####
.#.#.#.#.#.#.#.#


You could see Grinder and a quasit.

Vanquished Creatures
  A scorpion (D:3)
  8 adders
  2 worms
  A dart slug (D:3)
  3 leopard geckos
  8 orcs
  A ball python (D:2)
  10 bats
  4 giant cockroaches
  9 goblins
  10 hobgoblins
  7 jackals
  9 kobolds
  A quokka (D:2)
  9 frilled lizards
  12 rats
95 creatures vanquished.

Vanquished Creatures (collateral kills)
  An orc (D:4)
1 creature vanquished.

Vanquished Creatures (others)
  An orc wizard (D:4)
1 creature vanquished.

Grand Total: 97 creatures vanquished

Notes
Turn   | Place    | Note
-------+----------+-------------------------------------------
     0 | D:1      | NullDivider the Spriggan Artificer began the quest for the Orb.
     0 | D:1      | Reached XP level 1. HP: 9/9 MP: 4/4
    43 | D:1      | Reached skill level 1 in Fighting
   370 | D:1      | Reached XP level 2. HP: 12/14 MP: 6/6
  1062 | D:1      | Reached XP level 3. HP: 18/18 MP: 7/7
  1262 | D:2      | Found a glowing silver altar of Zin.
  1614 | D:2      | Found an iron altar of Okawaru.
  1614 | D:2      | Found a basalt altar of Yredelemnul.
  1618 | D:2      | Found a hide-covered altar of Uskayaw.
  1787 | D:2      | Found a sparkling altar of Nemelex Xobeh.
  1805 | D:2      | Reached XP level 4. HP: 23/23 MP: 8/8
  3319 | D:3      | Found an ancient bone altar of Kikubaaqudgha.
  3360 | D:3      | Found a stormy altar of Qazlal.
  3565 | D:3      | Reached XP level 5. HP: 18/27 MP: 9/9
  4145 | D:3      | Reached skill level 5 in Evocations
  4836 | D:4      | Noticed Grinder
  5222 | D:4      | Paralysed by Grinder for 7 turns
  5225 | D:4      | Slain by a quasit

Skill      XL: |  1  2  3  4  5 |
---------------+----------------+-----
Fighting       | 1 2 |  2.8
Stealth        | 2 3 4 |  4.2
Short Blades   | 2 |  2.5
Dodging        | 4 |  4.4
Evocations     | 5 |  5.1

Action                   |  1- 3 |  4- 6 || total
-------------------------+-------+-------++-------
Melee: Short sword       |   198 |   273 ||   471
Evoke: Wand              |     1 |    15 ||    16
 Stab: Sleeping          |     6 |     8 ||    14
       Distracted        |     1 |       ||     1
  Eat: Ration            |       |     1 ||     1
Armor: Robe              |    16 |    29 ||    45
       Skin              |       |    27 ||    27
Dodge: Dodged            |   206 |   283 ||   489
